 Dungeon Crawl Stone Soup version 0.29.1-15-g9cfb28693d (webtiles) character file.

Game seed: 12363802624915076089

80 Hugehornet the Magician (level 4, -4/33 HPs)
             Began as a Djinni Ice Elementalist on Mar 20, 2023.
             Splashed by a jelly's acid (9 damage)
             ... on level 4 of the Dungeon.
             The game lasted 00:05:45 (2816 turns).

Hugehornet the Magician (Djinni Ice Elementalist)   Turns: 2816, Time: 00:05:45

Health: -4/33      AC:  2    Str:  7    XL:     4   Next: 65%
Gold:   168        EV: 12    Int: 18    God:
                   SH:  4    Dex: 20

rFire   + + .      SeeInvis .   p - +1 dagger (venom)
rCold   x . .      Faith    .   v - +0 buckler
rNeg    . . .      Spirit   .   a - +0 robe
rPois   ∞          Reflect  .   (no helmet)
rElec   .          Harm     .   (no cloak)
rCorr   .          Rampage  .   (no gloves)
Will    .....                   (boots unavailable)
Stlth   ++........              (no amulet)
HPRegen 0.11/turn               d - +6 ring of dexterity
MPRegen 0.00/turn               (no ring)

@: flying
A: sickness immunity, fire resistance 2, cold vulnerability 1, float, innate
caster, HP casting, extra vitality 1
a: no special abilities


You were on level 4 of the Dungeon.
You visited 1 branch of the dungeon, and saw 4 of its levels.

You collected 168 gold pieces.

Inventory:

Hand Weapons
 b - a +0 dagger
 j - a +1 dagger of speed
 p - a +1 dagger of venom (weapon)
Armour
 a - a +0 robe (worn)
 v - a +0 buckler (worn)
Jewellery
 d - a +6 ring of dexterity (left hand)
Scrolls
 c - 4 scrolls of poison {unknown}
 e - 2 scrolls of blinking {unknown}
 f - a scroll of fog {unknown}
 g - 2 scrolls of fear {unknown}
 h - 2 scrolls of identify {unknown}
 l - a scroll of amnesia {unknown}
 m - a scroll of magic mapping {unknown}
 n - a scroll of teleportation {unknown}
 s - 2 scrolls of noise {unknown}
 t - a scroll of immolation {unknown}
Potions
 i - a potion of invisibility {unknown}
 k - a potion of flight {unknown}
 o - a potion of brilliance {unknown}
 q - a potion of haste {unknown}
 r - a potion of heal wounds {unknown}
 u - a potion of resistance {unknown}


   Skills:
 + Level 2.0 Fighting
 - Level 2.1 Dodging
 - Level 1.5 Stealth
 * Level 4.1 Spellcasting


You couldn't memorise any spells.
You knew the following spells:

 Your Spells              Type           Power      Damage    Failure   Level
a - Freeze                Ice            72%        1d9       3%          1
b - Frozen Ramparts       Ice            36%        1d6       11%         3
c - Ozocubu's Armour      Ice            18%        N/A       11%         3
d - Hailstorm             Conj/Ice       18%        3d6       34%         4
e - Summon Small Mammal   Summ           72%        N/A       3%          1
Your spell library was empty.

Dungeon Overview and Level Annotations

Branches:
Dungeon (4/15)
 Temple: D:4-7

Altars:
Cheibriados
Gozag


Innate Abilities, Weirdness & Mutations

You are immune to sickness and miasma.
You are immune to poison.
Your flesh is very heat resistant. (rF++)
You are vulnerable to cold. (rC-)
You float through the air rather than walking.
You learn spells naturally, not from books.
Your magical power is your life essence.
You have superior vitality. (+4 MHP)


Message History

You fly downwards.
The jelly quivers.
Found a stone staircase leading down.
There is a stone staircase leading up here.
You hit the jelly.
Your hands burn!
The jelly is moderately wounded.
The jelly hits you.
You are splashed with acid!
You hit the jelly.
The jelly is poisoned.
Your hands burn!
The jelly is moderately wounded.
The jelly hits you.
You are splashed with acid!
Casting: Summon Small Mammal (safe; 3% risk of failure)
Confirm with . or Enter, or press ? or * to list all spells.
Aiming: Freeze (safe; 3% risk of failure)
Press: ? - help, Shift-Dir - straight line, f - jelly
Aim: a jelly (moderately wounded, very poisoned)
You freeze the jelly.
The jelly is heavily wounded.
* * * LOW HITPOINT WARNING * * *
You block the jelly's attack.
Casting: Freeze (safe; 3% risk of failure)
Confirm with . or Enter, or press ? or * to list all spells.
Aiming: Freeze (safe; 3% risk of failure)
Press: ? - help, Shift-Dir - straight line, f/p - jelly
Aim: a jelly (heavily wounded, very poisoned)
You freeze the jelly.
The jelly is heavily wounded.
* * * LOW HITPOINT WARNING * * *
The jelly closely misses you.
Casting: Freeze (safe; 3% risk of failure)
Confirm with . or Enter, or press ? or * to list all spells.
Aiming: Freeze (safe; 3% risk of failure)
Press: ? - help, Shift-Dir - straight line, f/p - jelly
Aim: a jelly (heavily wounded, very poisoned)
You freeze the jelly.
The jelly is severely wounded.
* * * LOW HITPOINT WARNING * * *
The jelly hits you.
* * * LOW HITPOINT WARNING * * *
You are splashed with acid!
You die...

#....#
#....#
#>...#
#....#
#....#
#....#
#..J.#
#..@.#
#...<#
##.###
#..
#.# #.
#. #.


You could see a jelly (very poisoned).

Vanquished Creatures
  An iguana (D:3)
  A worm (D:3)
  4 dart slugs
  2 ball pythons
  4 endoplasms
  3 giant cockroaches (D:2)
  2 goblins (D:2)
  A hobgoblin (D:3)
  3 jackals (D:3)
  2 kobolds
  2 quokkas
  3 bats
  4 frilled lizards
  2 rats (D:3)
34 creatures vanquished.

Vanquished Creatures (collateral kills)
  A worm (D:2)
  An endoplasm (D:2)
  A hobgoblin (D:2)
3 creatures vanquished.

Vanquished Creatures (others)
  A plant (D:3)
1 creature vanquished.

Grand Total: 38 creatures vanquished

Notes
Turn   | Place    | Note
-------+----------+-------------------------------------------
     0 | D:1      | Hugehornet the Djinni Ice Elementalist began the quest for
                  | the Orb.
     0 | D:1      | Hugehornet set off with the following spells memorised:
                  | Freeze, Frozen Ramparts, Ozocubu's Armour, Hailstorm.
     0 | D:1      | Reached XP level 1. HP: 15/15 MP: 0/0
   215 | D:1      | Reached XP level 2. HP: 17/22 MP: 0/0
   645 | D:1      | Reached skill level 1 in Fighting
   946 | D:2      | Reached XP level 3. HP: 15/27 MP: 0/0
   946 | D:2      | Learned a level 1 spell: Summon Small Mammal
  1290 | D:2      | Found a faded altar of an unknown god.
  2158 | D:3      | Found an opulent altar of Gozag.
  2268 | D:3      | Reached XP level 4. HP: 26/32 MP: 0/0
  2354 | D:3      | Reached skill level 4 in Spellcasting
  2659 | D:3      | Found a snail-covered altar of Cheibriados.
  2816 | D:4      | Splashed by a jelly's acid

Illustrated notes

Levels and vault maps discovered:
D:1:      giann_bridges, layout_loops_cross, nicolae_titane
D:2:      layout_loops_ring, chequers_ecumenical_altar_grove, glass_columns_c,
          minmay_misc_feat_alley
D:3:      layout_basic, nicolae_gozag_cash_rules_everything_around_me,
          cheibrodos_worm_habitat, serial_forest,
          infiniplex_forest_clump_diagonal, infiniplex_forest_straight_1,
          infiniplex_forest_split, infiniplex_forest_clump_curved,
          infiniplex_forest_clump_long, infiniplex_forest_clump_small,
          infiniplex_forest_lined_2, infiniplex_forest_clump_long,
          infiniplex_forest_straight_2, infiniplex_forest_clump_small,
          fountainhead, chequers_serial_rivers_small_b
D:4:      layout_rooms, lemuel_doored_altar, minmay_temple_entry_sparse_star,
          serial_shops, nicolae_square_shop, nicolae_shop_trees,
          nicolae_shop_temple_entry_statues_fountains, minivault_23, uniq_ijyb

Skill      XL: |  1  2  3  4 |
---------------+-------------+-----
Fighting       | 1 2 |  2.0
Spellcasting   | 4 |  4.1
Dodging        | |  2.1
Stealth        | |  1.5

Action                   |  1- 3 |  4- 6 || total
-------------------------+-------+-------++-------
Melee: Unarmed           |     1 |       ||     1
       Dagger            |    68 |    16 ||    84
 Cast: Freeze            |     9 |     5 ||    14
       Summon Small Mamm |     9 |     4 ||    13
 Stab: Sleeping          |    10 |       ||    10
       Distracted        |     1 |       ||     1
Armor: Robe              |    12 |     5 ||    17
Dodge: Dodged            |    33 |    14 ||    47
Block: Buckler           |       |     1 ||     1
